 Dungeon Crawl Stone Soup version 0.21-a0-584-g185da8e (webtiles) character file.

214 Amnesiac the Chiller (level 5, 0/28 HPs)
             Began as a Deep Elf Ice Elementalist on Dec 21, 2017.
             Was an Initiate of Sif Muna.
             Slain by Duvessa
             ... wielding a +0 rapier
              (9 damage)
             ... on level 4 of the Dungeon.
             The game lasted 00:03:47 (2527 turns).

Amnesiac the Chiller (Deep Elf Ice Elementalist)    Turns: 2527, Time: 00:03:48

Health: 0/28       AC:  4    Str:  5    XL:     5   Next: 59%
Magic:  6/13       EV: 13    Int: 21    God:    Sif Muna [......]
Gold:   213        SH:  0    Dex: 15    Spells: 1/13 levels left

rFire    . . .     SeeInvis .   w - +0 blowgun
rCold    . . .     Gourm    .   (no shield)
rNeg     . . .     Faith    .   a - +0 robe
rPois    +         Spirit   .   t - +0 helmet
rElec    .         Reflect  .   (no cloak)
rCorr    .         Harm     .   z - +0 pair of gloves
MR       .....                  (no boots)
Stlth    ++........             (no amulet)
HPRegen  0.09/turn              e - ring of poison resistance
MPRegen  0.13/turn              u - ring of flight

@: no status effects
A: no striking features
a: Renounce Religion, Evoke Flight


You were on level 4 of the Dungeon.
You worshipped Sif Muna.
Sif Muna was noncommittal.
You were not hungry.

You visited 2 branches of the dungeon, and saw 5 of its levels.

You collected 213 gold pieces.

Inventory:

Hand Weapons
 w - a +0 blowgun (weapon)
Missiles
 f - 17 poisoned needles (quivered)
Armour
 a - a +0 robe (worn)
 t - a +0 helmet (worn)
 z - a +0 pair of gloves (worn)
Jewellery
 e - a ring of poison resistance (left hand)
 u - a ring of flight (right hand)
Wands
 n - a wand of acid (8)
 A - a wand of random effects (21)
Scrolls
 d - a scroll of immolation {!r, unknown}
 g - a scroll of remove curse {!r, unknown}
 i - 3 scrolls of enchant armour {!r, unknown}
 m - a scroll of fog {!r, unknown}
 o - a scroll of noise {!r, unknown}
 p - a scroll of blinking {!r, unknown}
 q - a scroll of enchant weapon {!r, unknown}
 r - a scroll of fear {!r, unknown}
 s - 2 scrolls of teleportation {!r, unknown}
 v - 4 scrolls of identify {!r, unknown}
 y - 2 scrolls of random uselessness {!r, unknown}
Potions
 h - 3 potions of curing {!q, unknown}
 k - 2 potions of heal wounds {!q, unknown}
 l - 2 potions of berserk rage {!q, unknown}
 x - a potion of haste {!q, unknown}
Books
 b - a book of Frost

   Spells                             Type                      Level
   a - Freeze                         Ice                          1
   b - Throw Frost                    Conjuration/Ice              2
   c - Ozocubu's Armour               Charms/Ice                   3
   d - Throw Icicle                   Conjuration/Ice              4
   e - Summon Ice Beast               Ice/Summoning                4
Comestibles
 c - 5 rations


   Skills:
 - Level 2.4 Dodging
 - Level 2.4 Stealth
 - Level 4.6 Spellcasting
 + Level 3.3 Conjurations
 - Level 5.4 Ice Magic


You had one spell level left.
You knew the following spells:

 Your Spells              Type           Power        Failure   Level  Hunger
a - Freeze                Ice            ####         1%          1    None
b - Ozocubu's Armour      Chrm/Ice       ###.....     11%         3    ##.....
c - Summon Ice Beast      Ice/Summ       ###.....     36%         4    ####...
d - Throw Icicle          Conj/Ice       ###.....     19%         4    ####...


Dungeon Overview and Level Annotations

Branches:
Dungeon (4/15)             Temple (1/1) D:4

Altars:
Cheibriados
Elyvilon
Hepliaklqana
Kikubaaqudgha
Nemelex Xobeh
Okawaru
Qazlal
Ru
Sif Muna
Uskayaw
Wu Jian
Xom
Yredelemnul
Zin
The Shining One

Annotations:
D:4 Dowan, Duvessa


Message History

Found 9 gold pieces and a scroll labeled UPAOCA ZIEL.
You see here a wand of random effects (21).
A - a wand of random effects (21) Duvessa, Sister of Dowan comes into view.
She is wielding a rapier.
Casting: Freeze
Confirm with . or Enter, or press ? or * to list all spells.
Aiming: Throw Icicle
Press: ? - help, Shift-Dir - straight line, f - adder skeleton
Aim: an adder skeleton The shard of ice hits the adder skeleton.
The adder skeleton partially resists.
The adder skeleton is severely damaged.
Casting: Throw Icicle
Confirm with . or Enter, or press ? or * to list all spells.
Aiming: Throw Icicle
Press: ? - help, Shift-Dir - straight line, f/p - adder skeleton
Aim: an adder skeleton (severely damaged)
The shard of ice hits the adder skeleton.
The adder skeleton partially resists.
You destroy the adder skeleton!
Sif Muna accepts your kill.
Duvessa shouts!
Casting: Throw Icicle
Confirm with . or Enter, or press ? or * to list all spells.
You can't see any susceptible monsters within range! (Use Z to cast anyway.) Firing (i - inventory):
f - 22 poisoned needles (quivered)
Press: ? - help, Shift-Dir - straight line, f - Duvessa
Aim: Duvessa, wielding a rapier and wearing a scale mail You shoot a poisoned needle.
The poisoned needle hits Duvessa.
Dowan, Brother of Duvessa comes into view.
He is wielding a dagger.
Firing (i - inventory):
f - 21 poisoned needles (quivered)
Press: ? - help, Shift-Dir - straight line, f/p - Duvessa
Aim: Duvessa, wielding a rapier and wearing a scale mail You shoot a poisoned needle.
The poisoned needle barely misses Duvessa.
Dowan shouts!
Dowan laughs at you. "Don't get delusional, you can't win!"
Firing (i - inventory):
f - 20 poisoned needles (quivered)
Press: ? - help, Shift-Dir - straight line, f/p - Duvessa
Aim: Duvessa, wielding a rapier and wearing a scale mail You shoot a poisoned needle.
The poisoned needle hits Duvessa.
Dowan points at Duvessa and mumbles some strange words.
Duvessa seems to speed up.
Firing (i - inventory):
f - 19 poisoned needles (quivered)
Press: ? - help, Shift-Dir - straight line, f/p - Duvessa
Aim: Duvessa, wielding a rapier and wearing a scale mail (fast)
You shoot a poisoned needle.
The poisoned needle barely misses Duvessa.
The poisoned needle barely misses Dowan.
Dowan says, "Magic and the sword, together, will defeat you."
All of the chunks of flesh in your inventory have rotted away.
Firing (i - inventory):
f - 18 poisoned needles (quivered)
Press: ? - help, Shift-Dir - straight line, f/p - Duvessa
Aim: Duvessa, wielding a rapier and wearing a scale mail (fast)
You shoot a poisoned needle. The poisoned needle hits Duvessa.
Duvessa is poisoned.
Duvessa hits you with a rapier!
The quokka twitches its whiskers.
Duvessa hits you with a rapier!
* * * LOW HITPOINT WARNING * * *
Dowan says, "Stay away from my face!"
Dowan points at you and mumbles some strange words.
You resist with some effort. Duvessa hits you with a rapier!
You die...

#.## ...# .( ... ...
..#.(.. ##########
..#...$
##...##...##e.(....
##..............#
#........r...(.#
####.......@e...(.#
#...................#
#..#.....<........#...#
#...≈≈≈..##...##.......
#..≈≈§§≈.###### #......
#.≈≈§§§≈≈# .....?
##§§≈>§§≈# ......
#≈≈≈≈§≈§# ......
#.≈≈§≈≈.#


You could see Duvessa, Dowan and a quokka.

Vanquished Creatures
  A sky beast (D:2)
  3 adders
  An ooze (D:2)
  An adder skeleton (D:4)
  4 worms
  3 dart slugs
  A leopard gecko (D:2)
  7 orcs (D:3)
  2 bats
  3 giant cockroaches
  6 goblins
  5 hobgoblins
  2 jackals (D:2)
  8 kobolds
  3 quokkas (D:2)
  4 frilled lizards
  7 rats
61 creatures vanquished.

Notes
Turn   | Place    | Note
-------+----------+-------------------------------------------
     0 | D:1      | Amnesiac the Deep Elf Ice Elementalist began the quest for the Orb.
     0 | D:1      | Reached XP level 1. HP: 10/10 MP: 6/6
   312 | D:1      | Reached XP level 2. HP: 15/15 MP: 2/8
   685 | D:2      | Reached skill level 4 in Ice Magic
   773 | D:2      | Noticed a sky beast
   776 | D:2      | Found a sparkling altar of Nemelex Xobeh.
   835 | D:2      | Reached XP level 3. HP: 8/19 MP: 3/10
   843 | D:2      | Learned a level 3 spell: Ozocubu's Armour
  1037 | D:2      | Killed a sky beast
  1037 | D:2      | Reached skill level 5 in Ice Magic
  1037 | D:2      | Reached XP level 4. HP: 3/24 MP: 2/12
  1071 | D:2      | Learned a level 4 spell: Throw Icicle
  1076 | D:2      | Learned a level 4 spell: Summon Ice Beast
  1371 | D:2      | Reached XP level 5. HP: 20/28 MP: 7/13
  2365 | D:4      | Found a staircase to the Ecumenical Temple.
  2371 | Temple   | Entered the Ecumenical Temple
  2440 | Temple   | Became a worshipper of Sif Muna the Loreminder
  2514 | D:4      | Noticed Duvessa
  2520 | D:4      | Noticed Dowan
  2527 | D:4      | Slain by Duvessa

Vault maps used:
D:1:      lordsloth_arrival_two_stooges
D:2:      kennysheep_six_static_rooms, nicolae_overflow_crystal_walls,
          nrook_uturn, minmay_misc_feat_x
D:3:      first_ration
D:4:      lemuel_round_altar, minmay_temple_entry_mist,
          kennysheep_generic_room_4, uniq_robin, uniq_menkaure, uniq_duvessa
Temple:   regret_index_temple_waves

Skill      XL: |  1  2  3  4  5 |
---------------+----------------+-----
Ice Magic      | 4 5 |  5.4
Spellcasting   | 4 |  4.6
Conjurations   | 3 |  3.3
Dodging        | |  2.4
Stealth        | |  2.4

Action                   |  1- 3 |  4- 6 || total
-------------------------+-------+-------++-------
Melee: Unarmed           |     2 |     4 ||     6
 Fire: Blowgun           |       |    49 ||    49
 Cast: Freeze            |    36 |    56 ||    92
       Ozocubu's Armour  |     1 |       ||     1
       Throw Icicle      |       |     2 ||     2
  Eat: Chunk             |       |     5 ||     5
Armor: Robe              |     4 |     3 ||     7
Dodge: Dodged            |    14 |    32 ||    46

Table legend:
 A = Spawn XP
 B = Non-spawn XP
 C = Spawn XP percentage of total XP
 D = Spawn monster count
 E = Non-spawn monster count
 F = Spawn count percentage of total count
 G = Total turns spent on level
                    A         B        C        D         E        F      G
               +---------+---------+-------+---------+---------+-------+---------
         Total |       0 |     306 |   0.0 |       0 |      61 |   0.0 |  2527
               +---------+---------+-------+---------+---------+-------+---------
           D:1 |       0 |      15 |   0.0 |       0 |       7 |   0.0 |   614
           D:2 |       0 |     216 |   0.0 |       0 |      33 |   0.0 |  1215
           D:3 |       0 |      70 |   0.0 |       0 |      20 |   0.0 |   536
           D:4 |       0 |       5 |   0.0 |       0 |       1 |   0.0 |    36
               +---------+---------+-------+---------+---------+-------+---------
